 Dungeon Crawl Stone Soup version 0.20.0-15-g7f486f2 (webtiles) character file.

1275 Omegatherion the Firebug (level 8, 0/41 HPs)
             Began as a Gargoyle Fire Elementalist on June 23, 2017.
             Was an Initiate of the Shining One.
             Slain by a scorpion (5 damage)
             ... on level 5 of the Dungeon.
             The game lasted 00:14:55 (3503 turns).

Omegatherion the Firebug (GrFE)                     Turns: 3503, Time: 00:14:56

Health: 0/41       AC:  8    Str: 15    XL:     8   Next: 53%
Magic:  9/14       EV: 13    Int: 22    God:    the Shining One [......]
Gold:   260        SH:  0    Dex: 10    Spells: 14/15 levels left

rFire    . . .     SeeInvis .   y - +4 falchion of Fedhas's Pride {venom, MR+ Int+4}
rCold    . . .     Gourm    .   (no shield)
rNeg     + + .     Faith    .   a - +0 robe
rPois    ∞         Spirit   .   (no helmet)
rElec    +         Reflect  .   (no cloak)
rCorr    .         Harm     .   r - +0 pair of gloves
MR       +....                  (no boots)
Stlth    +.........             (no amulet)
Regen    0.2/turn               q - +3 ring of strength
MPRegen  0.2/turn               w - ring of positive energy

@: glowing
A: negative energy resistance 1, electricity resistance, unbreathing,
petrification resistance, rot immunity, AC +5
a: Renounce Religion


You were on level 5 of the Dungeon.
You worshipped the Shining One.
The Shining One was noncommittal.
You were not hungry.

You visited 1 branch of the dungeon, and saw 6 of its levels.

You collected 260 gold pieces.

Inventory:

Hand Weapons
 h - a +0 dagger
 o - a +0 short sword
 y - the +4 falchion of Fedhas's Pride (weapon) {venom, MR+ Int+4}
   (You found it on level 4 of the Dungeon)

   It poisons the flesh of those it strikes.
   It affects your intelligence (+4).
   It affects your resistance to hostile enchantments.
 z - a -1 executioner's axe
 A - a -1 mace
 B - a -1 morningstar
 D - a +2 hand axe of electrocution
 E - a +2 mace of protection
Armour
 a - a +0 robe (worn)
 l - a +4 ring mail
 r - a +0 pair of gloves (worn)
Jewellery
 q - a +3 ring of strength (left hand)
 w - a ring of positive energy (right hand)
Wands
 u - a wand of polymorph (11/24)
Scrolls
 d - 4 scrolls of remove curse {unknown}
 e - 5 scrolls of teleportation {unknown}
 g - 6 scrolls of identify {unknown}
 v - a scroll of amnesia {unknown}
 C - 2 scrolls of enchant armour {unknown}
Potions
 i - 2 potions of heal wounds {unknown}
 j - 2 potions of might {unknown}
 k - 3 potions of agility {unknown}
 m - 2 potions of ambrosia {unknown}
 n - 2 potions of mutation {unknown}
 p - 2 potions of lignification {unknown}
 x - a potion of resistance {unknown}
Books
 b - a book of Flames

   Spells                             Type                      Level
   a - Flame Tongue                   Conjuration/Fire             1
   b - Throw Flame                    Conjuration/Fire             2
   c - Conjure Flame                  Conjuration/Fire             3
   d - Inner Flame                    Hexes/Fire                   3
   e - Sticky Flame                   Conjuration/Fire             4
   f - Fireball                       Conjuration/Fire             5
Comestibles
 c - 5 bread rations
 f - 2 royal jellies
 s - 4 fruits
 t - a meat ration
 F - 3 chunks of flesh


   Skills:
 + Level 3.6 Dodging
 + Level 5.3 Stealth
 + Level 4.3 Spellcasting
 + Level 4.1 Conjurations
 * Level 6.5 Fire Magic


You had 14 spell levels left.
You knew the following spells:

 Your Spells              Type           Power        Failure   Level  Hunger
a - Flame Tongue          Conj/Fire      ####.        1%          1    None


Dungeon Overview and Level Annotations

Branches:
Dungeon (6/15)             Temple (0/1) D:5

Altars:
Ashenzari
Elyvilon
Gozag
Okawaru
Ru
Xom
Zin
The Shining One


Innate Abilities, Weirdness & Mutations

You are resistant to torment.
Your stone body is resilient. (AC +5)
You are immune to poison.
You resist negative energy. (rN+)
You are resistant to electric shocks. (rElec)
You can survive without breathing.
You are immune to petrification.
You are immune to rotting.


Message History

The iguana barely misses you.
Found a stone staircase leading up.
You see here a scroll labeled UTROCU VONOS.
Found a stone staircase leading up.
There is a stone staircase leading up here.
The iguana bites you.
* * * LOW HITPOINT WARNING * * *
You climb upwards.
There is a stone staircase leading down here.
That item cannot be evoked!
Evoke which item? (* to show all) (? for menu, Esc to quit)
Aiming: Polymorph (will waste charges)
Press: ? - help, Shift-Dir - straight line, f - iguana
Aim: an iguana (chance to defeat MR: 54%)
The iguana evaporates and reforms as a scorpion!
Evoking this partially-identified wand wasted a few charges.
You hit the scorpion.
The scorpion is poisoned.
The scorpion is moderately wounded.
The scorpion stings you.
You die...

##.'.#########
#8_'.........##
##.'..........#
#_#..........########
####.................#
#.........(........#.#
#..............###.#(#
###..............# #.#.#
................@# #.#.#
##.............s####.#.#
#...................#.#
#.............#######.#
##.............# #.#
#.....)######### #.#
#......# #.#
#......########### #.#
#................# #.#


You could see a scorpion.

Vanquished Creatures
  A phantom (D:6)
  A centaur (D:4)
  A bullfrog (D:6)
  8 scorpions
  A howler monkey (D:5)
  5 crimson imps
  An orc priest (D:4)
  A bullfrog skeleton (D:5)
  A centaur skeleton (D:6)
  An orc wizard (D:5)
  2 hounds
  Jessica (D:2)
  An iguana (D:4)
  2 worker ants (D:5)
  3 gnolls (D:4)
  8 adders
  2 adder skeletons (D:4)
  A worm (D:4)
  3 leopard geckos
  5 orcs
  14 bats
  6 giant cockroaches
  5 goblins
  5 hobgoblins
  5 jackals
  2 kobolds
  3 quokkas (D:2)
  A ball python (D:2)
  4 frilled lizards
  A leopard gecko skeleton (D:5)
  6 rats
  A fungus (D:4)
102 creatures vanquished.

Vanquished Creatures (others)
  9 fungi (D:4)
9 creatures vanquished.

Grand Total: 111 creatures vanquished

Notes
Turn   | Place    | Note
-------+----------+-------------------------------------------
     0 | D:1      | Omegatherion the Gargoyle Fire Elementalist began the quest for the Orb.
     0 | D:1      | Reached XP level 1. HP: 10/10 MP: 3/3
   256 | D:1      | Reached XP level 2. HP: 14/15 MP: 0/5
   783 | D:2      | Reached XP level 3. HP: 19/19 MP: 0/6
   788 | D:2      | Noticed Jessica
   794 | D:2      | Killed Jessica
   815 | D:2      | Reached XP level 4. HP: 22/24 MP: 1/7
  1244 | D:3      | Reached skill level 4 in Fire Magic
  1435 | D:3      | Found an iron altar of Okawaru.
  1685 | D:4      | Reached XP level 5. HP: 12/28 MP: 2/9
  1789 | D:4      | Found a shattered altar of Ashenzari.
  1975 | D:4      | Got a crude falchion
  1976 | D:4      | Identified the +4 falchion of Fedhas's Pride {venom, MR+ Int+4} (You found it on level 4 of the Dungeon)
  2090 | D:4      | Reached XP level 6. HP: 29/32 MP: 0/10
  2119 | D:4      | Found a shimmering altar of Xom.
  2128 | D:4      | Reached skill level 5 in Fire Magic
  2182 | D:4      | Reached XP level 7. HP: 30/36 MP: 12/12
  2881 | D:5      | Entered Level 5 of the Dungeon
  2979 | D:5      | Reached XP level 8. HP: 38/41 MP: 7/14
  3004 | D:5      | Reached skill level 6 in Fire Magic
  3074 | D:5      | Found a sacrificial altar of Ru.
  3078 | D:5      | Reached skill level 5 in Stealth
  3195 | D:5      | Found a glowing silver altar of Zin.
  3195 | D:5      | Found a white marble altar of Elyvilon.
  3195 | D:5      | Found a glowing golden altar of the Shining One.
  3202 | D:5      | Became a worshipper of the Shining One
  3335 | D:5      | Found a staircase to the Ecumenical Temple.
  3447 | D:6      | Found an opulent altar of Gozag.
  3503 | D:5      | Slain by a scorpion

Skill      XL: |  1  2  3  4  5  6  7  8 |
---------------+-------------------------+-----
Stealth        | 3 4 5 |  5.3
Fire Magic     | 4 5 6 |  6.5
Dodging        | 2 3 |  3.6
Spellcasting   | 3 4 |  4.3
Conjurations   | 2 3 4 |  4.1

Action                   |  1- 3 |  4- 6 |  7- 9 || total
-------------------------+-------+-------+-------++-------
Melee: Dagger            |     4 |       |       ||     4
       Short sword       |    16 |     2 |       ||    18
       Falchion          |       |    44 |    72 ||   116
 Cast: Flame Tongue      |    32 |    74 |    71 ||   177
Evoke: Wand              |       |       |     1 ||     1
 Stab: Sleeping          |       |     1 |     1 ||     2
  Eat: Chunk             |       |     4 |     5 ||     9
Armor: Robe              |    14 |    26 |    30 ||    70
Dodge: Dodged            |    24 |    36 |    63 ||   123
       Rpst.: Falchion   |       |     9 |    17 ||    26
